 Dungeon Crawl Stone Soup version 0.30-a0-118-ga018f8e90f (webtiles) character file.

Game seed: 15644379433390831454

58 MisterAzrael the Conjurer (level 3, -5/19 HPs)
             Began as a Deep Elf Conjurer on Sept 14, 2022.
             Slain by Grinder (6 damage)
             ... on level 3 of the Dungeon.
             The game lasted 00:03:18 (1786 turns).

MisterAzrael the Conjurer (Deep Elf Conjurer)       Turns: 1786, Time: 00:03:18

Health: -5/19      AC:  3    Str:  4    XL:     3   Next: 76%
Magic:  6/10       EV: 12    Int: 30    God:
Gold:   79         SH:  0    Dex: 13    Spells: 7/10 levels left

rFire   . . .      SeeInvis .    (no weapon)
rCold   . . .      Faith    .    (no shield)
rNeg    . . .      Spirit   .    a - +1 robe
rPois   .          Reflect  .    (no helmet)
rElec   .          Harm     .    (no cloak)
rCorr   .          Rampage  .    (no gloves)
Will    .....                    (no boots)
Stlth   ++........               (no amulet)
HPRegen 0.06/turn                m - +6 ring of intelligence
MPRegen 0.12/turn                (no ring)

@: weak-willed
A: no striking features
a: no special abilities


You were on level 3 of the Dungeon.
You visited 1 branch of the dungeon, and saw 3 of its levels.

You collected 79 gold pieces.

Inventory:

Armour
 a - a +1 robe (worn)
Jewellery
 m - a +6 ring of intelligence (left hand)
 n - an amulet of guardian spirit
Scrolls
 c - 4 scrolls of identify
 e - a scroll of vulnerability
Potions
 f - 2 potions of flight
 g - a potion of curing
 h - a potion of invisibility {unknown}
 k - a potion of berserk rage {unknown}


   Skills:
 - Level 2.6 Dodging
 - Level 2.6 Stealth
 + Level 4.0 Spellcasting
 * Level 5.4 Conjurations


You had 7 spell levels left.
You knew the following spells:

 Your Spells              Type           Power      Damage    Failure   Level
a - Magic Dart            Conj           100%       1d8       1%          1
b - Searing Ray           Conj           76%        2d7       1%          2

Your spell library contained the following spells:

 Spells                   Type           Power      Damage    Failure   Level
 Static Discharge         Conj/Air       44%        3-6/arc   3%          2
 Dazzling Flash           Conj/Hex       44%        N/A       6%          3
 Gell's Gravitas          Tloc           6%         N/A       19%         3
 Lesser Beckoning         Tloc           6%         N/A       19%         3
 Teleport Other           Tloc           6%         N/A       19%         3
 Fulminant Prism          Conj/Hex       11%        3d9       22%         4
 Iskenderun's Mystic Bla  Conj/Tloc      22%        2d6       22%         4
 Arcjolt                  Conj/Air       11%        1d21      52%         5
 Lightning Bolt           Conj/Air       11%        1d24      52%         5
 Maxwell's Capacitive Co  Air            3%         ∞         100%        8


Dungeon Overview and Level Annotations

Branches:
Dungeon (3/15)

Altars:

Annotations:
D:3 Grinder, Sigmund


Message History

(Press . to maintain the ray.)
The searing ray hits something!
The searing ray hits Terence but does no damage.
Terence is moderately wounded.
Something hits you but does no damage.
The searing ray hits something.
The searing ray hits Terence.
Terence is heavily wounded.
Something hits you.
* * * LOW HITPOINT WARNING * * *
The searing ray hits Terence.
Terence is severely wounded.
You finish channelling your searing ray.
Terence says, "Time to say good-bye..."
You feel much better. Something hits you but does no damage.
Magic courses through your body.
Terence drinks a potion.
Terence is healed!
Something hits you.
Casting: Searing Ray (safe; 1% risk of failure)
Confirm with . or Enter, or press ? or * to list all spells.
Aiming: Searing Ray (safe; 1% risk of failure)
Press: ? - help, Shift-Dir - straight line, f - Terence
Aim: Terence, wielding a +2 short sword of holy wrath and wearing a +0 scale mail (lightly wounded, weak-willed, ally target, 83% to hit)
The searing ray hits something.
The searing ray hits Terence.
Terence is moderately wounded. (Press . to maintain the ray.)
The searing ray hits Terence.
Terence is severely wounded.
Grinder gestures at you.
You struggle to resist.
Something barely misses you.
The searing ray hits something!
The searing ray hits Terence!
You kill Terence!
Grinder gestures at you.
You suddenly lose the ability to move!
Something hits you.
Your Spellcasting skill increases to level 4!
Grinder hits you!
You writhe in agony.
* * * LOW HITPOINT WARNING * * *
You can move again.
Grinder hits you.
* * * LOW HITPOINT WARNING * * *
You writhe in agony.
You die...

#..........#
#..$.......#
.#..........#
.##.........#
.##..b.....# ..
###.# .....|.
...####... #..5#
.#.......# #@#
...@.....# #.#
###..#######{#
#...........)#
#.#..#######.#
#.#............
#.##.#######.###
#. #.# #.# ..#
#. #.### #.#


You could see Grinder.

Vanquished Creatures
  Terence (D:3)
  2 dart slugs
  2 orcs (D:3)
  A ball python (D:2)
  3 endoplasms
  3 goblins
  2 hobgoblins (D:1)
  2 quokkas (D:1)
  3 bats
  3 frilled lizards
  5 kobolds
  3 rats
30 creatures vanquished.

Notes
Turn   | Place    | Note
-------+----------+-------------------------------------------
     0 | D:1      | MisterAzrael the Deep Elf Conjurer began the quest for the
                  | Orb.
     0 | D:1      | Reached XP level 1. HP: 10/10 MP: 6/6
     6 | D:1      | Noticed a hog
     6 | D:1      | Noticed a swamp drake
     7 | D:1      | Noticed a salamander
   202 | D:1      | Reached XP level 2. HP: 15/15 MP: 6/8
   246 | D:1      | Learned a level 2 spell: Searing Ray
   345 | D:1      | Found a faded altar of an unknown god.
  1565 | D:3      | Reached skill level 5 in Conjurations
  1631 | D:3      | Reached XP level 3. HP: 19/19 MP: 7/10
  1753 | D:3      | Noticed Terence
  1754 | D:3      | Noticed Sigmund
  1774 | D:3      | Noticed Grinder
  1784 | D:3      | Killed Terence
  1784 | D:3      | Paralysed by Grinder for 2 turns
  1786 | D:3      | Slain by Grinder

Illustrated notes

Levels and vault maps discovered:
D:1:      onia_arrival_zoo_common, layout_basic,
          hellmonk_ecumenical_altar_arch_garden
D:2:      layout_loops_ring
D:3:      layout_loops_ring, minmay_ruptured, uniq_sigmund, uniq_grinder,
          uniq_terence

Skill      XL: |  1  2  3 |
---------------+----------+-----
Conjurations   | 5 |  5.4
Spellcasting   | 4 |  4.0
Dodging        | |  2.6
Stealth        | |  2.6

Action                   || total
-------------------------++-------
 Cast: Magic Dart        ||    50
       Searing Ray       ||     2
  Use: Scroll            ||     5
       Potion            ||     3
Armor: Robe              ||     4
Dodge: Dodged            ||     4

Table legend: (Time is in decaauts)
 A = Elapsed time spent in this place.
 B = Non-inter-level travel time spent in this place.
 C = Inter-level travel time spent in this place.
 D = Time resting spent in this place.
 E = Time spent auto-exploring this place.
 F = Levels seen in this place.
 G = Mean time per level.
                   A        B        C        D        E       F      G
               +--------+--------+--------+--------+--------+-----+--------+
         Total |   1785 |   1710 |     75 |     36 |   1511 |   3 |  595.0 |
       Dungeon |   1785 |   1710 |     75 |     36 |   1511 |   3 |  595.0 |
               +--------+--------+--------+--------+--------+-----+--------+

Top non-repeatable levels by time:
     D:1: 871 daAuts
     D:2: 691 daAuts
     D:3: 222 daAuts
